 Dungeon Crawl Stone Soup version 0.19.1 (webtiles) character file.

26 ImaNewbie the Slasher (level 2, 0/25 HPs)
             Began as a Minotaur Gladiator on Dec 17, 2016.
             Was an Initiate of Qazlal.
             Killed from afar by Sigmund (11 damage)
             ... with a puff of flame
             ... on level 2 of the Dungeon.
             The game lasted 00:02:11 (910 turns).

ImaNewbie the Slasher (Minotaur Gladiator)           Turns: 910, Time: 00:02:12

Health: 0/25       AC:  3    Str: 19    XL:     2   Next: 89%
Magic:  1/1        EV: 12    Int:  5    God:    Qazlal [......]
Gold:   44         SH:  0    Dex: 10    Spells: 0 memorised, 1 level left

rFire  . . .     SeeInvis .     a - +0 long sword
rCold  . . .     Gourm    .     b - +0 leather armour
rNeg   . . .     Faith    .     (no shield)
rPois  .         Spirit   .     c - +0 hat
rElec  .         Reflect  .     (no cloak)
rCorr  .         Harm     .     (no gloves)
MR     .....                    (no boots)
Stlth  ..........               (no amulet)
                                (no ring)
                                (no ring)

@: confused
A: retaliatory headbutt, horns 2
a: Renounce Religion


You were on level 2 of the Dungeon.
You worshipped Qazlal.
Qazlal was noncommittal.
You were not hungry.

You visited 1 branch of the dungeon, and saw 2 of its levels.

You collected 44 gold pieces.

Inventory:

Hand Weapons
 a - a +0 long sword (weapon)
Missiles
 d - 3 throwing nets (quivered)
 h - 16 poisoned needles
Armour
 b - a +0 leather armour (worn)
 c - a +0 hat (worn)
Scrolls
 i - a scroll of noise {unknown}
 j - 2 scrolls of teleportation {unknown}
 k - a scroll of immolation {unknown}
 l - a scroll of recharging {unknown}
 m - a scroll of random uselessness {unknown}
 o - a scroll of remove curse {unknown}
 q - a scroll of identify {unknown}
Potions
 e - 2 potions of beneficial mutation {unknown}
 p - a potion of lignification {unknown}
Comestibles
 f - a bread ration
 g - 4 chunks of flesh
 n - a meat ration


   Skills:
 - Level 2.4 Fighting
 + Level 5.0 Long Blades
 - Level 2.0 Throwing
 - Level 3.2 Dodging


You had one spell level left.
You didn't know any spells.

Dungeon Overview and Level Annotations

Branches:
Dungeon (2/15)

Altars:
Qazlal
Trog

Annotations:
D:1 exclusion: downstairs
D:2 Sigmund


Innate Abilities, Weirdness & Mutations

You reflexively headbutt those who attack you in melee.
You have a pair of horns on your head.


Message History

g - 3 chunks of flesh;
g - 4 chunks of flesh (gained 1)
p - a bubbling puce potion
q - a scroll labeled FIYH BOINLO Sigmund is too close now for your liking.
Sigmund is nearby!
Sigmund is nearby!
Sigmund gestures at you while chanting.
You are confused.
Sigmund points at you and mumbles some strange words.
You are more confused.
Sigmund says, "I'm your fate."
Sigmund hits you from afar with a scythe!
Sigmund closely misses you. Sigmund gestures at you while chanting.
You are more confused.
Sigmund points at you and mumbles some strange words.
You resist with significant effort. Sigmund gestures at you while chanting.
The puff of flame hits you!
You die...

#......# ###..###.###
#...@..###......#....
#.......##......#....
#.......##......#.... #
#...............#.... #.
#..@.##.........#.... #..
#....##.........#....
#...##.#####.........#....
#.........##.........#.###
#.........##.........#.# #
............##.........#.#
#
.##.........#####......#.#
# #.........# ######.#.# #
#.........# #...#
###.....?.. ##..#
........#. ...#
...............#.# ....#


You could see Sigmund.

Vanquished Creatures
  An ooze (D:1)
  A leopard gecko (D:1)
  A bat (D:1)
  A giant cockroach (D:1)
  A goblin (D:1)
  A hobgoblin (D:1)
  4 jackals (D:2)
  4 kobolds
  A ball python (D:1)
  4 frilled lizards (D:1)
  A rat (D:1)
20 creatures vanquished.

Notes
Turn   | Place    | Note
-------+----------+-------------------------------------------
     0 | D:1      | ImaNewbie the Minotaur Gladiator began the quest for the Orb.
     0 | D:1      | Reached XP level 1. HP: 18/18 MP: 0/0
   107 | D:1      | Reached skill level 4 in Long Blades
   211 | D:1      | Reached XP level 2. HP: 20/25 MP: 1/1
   634 | D:2      | Noticed Sigmund
   829 | D:2      | Found a bloodstained altar of Trog.
   829 | D:2      | Found a stormy altar of Qazlal.
   834 | D:2      | Became a worshipper of Qazlal Stormbringer
   868 | D:2      | Reached skill level 5 in Long Blades
   910 | D:2      | Killed from afar by Sigmund

Skill      XL: |  1  2 |
---------------+-------+-----
Long Blades    | 4 5 |  5.0
Fighting       | |  2.4
Throwing       | |  2.0
Dodging        | |  3.2

Action                   || total
-------------------------++-------
Melee: Long sword        ||    48
       Headbutt          ||     6
Armor: Leather armour    ||    16
Dodge: Dodged            ||    32
       Rpst.: Long sword ||     6
